 Dungeon Crawl Stone Soup version 0.29.0-4-gdea44cf6ec (webtiles) character file.

Game seed: 12097781343132781644

105 qw the Chopper (level 4, -1/26 HPs)
             Began as a Tengu Warper on Aug 29, 2022.
             Frozen to death by an endoplasm (4 damage)
             ... on level 3 of the Dungeon.
             The game lasted 00:00:16 (2710 turns).

qw the Chopper (Tengu Warper)                       Turns: 2710, Time: 00:00:16

Health: -1/26      AC:  9    Str: 13    XL:     4   Next: 81%
Magic:  8/8        EV: 10    Int: 14    God:
Gold:   61         SH:  4    Dex: 13    Spells: 7/7 levels left

rFire   . . .      SeeInvis .   k - +0 hand axe (vamp)
rCold   . . .      Faith    .   j - +0 buckler
rNeg    . . .      Spirit   .   i - +0 ring mail
rPois   .          Reflect  .   (helmet restricted)
rElec   .          Harm     .   (no cloak)
rCorr   .          Rampage  .   (no gloves)
Will    .....                   (boots unavailable)
Stlth   +.........              (no amulet)
HPRegen 0.08/turn               h - +4 ring of protection
MPRegen 0.11/turn               (no ring)

@: no status effects
A: beak, talons 3
a: no special abilities


You were on level 3 of the Dungeon.
You visited 1 branch of the dungeon, and saw 3 of its levels.

You collected 87 gold pieces.
You spent 26 gold pieces at shops.


Innate Abilities, Weirdness & Mutations

You have a beak for a mouth.
You have claws for feet.


   Skills:
 - Level 2.0 Fighting
 + Level 5.1 Axes
 - Level 1.0 Throwing
 - Level 1.1 Armour
 - Level 2.1 Dodging
 - Level 1.0 Shields
 - Level 2.0 Spellcasting
 - Level 2.4 Translocations


You had 7 spell levels left.
You didn't know any spells.
Your spell library contained the following spells:

 Spells                   Type           Power      Damage    Failure   Level
 Blink                    Tloc           16%        N/A       36%         2
 Gell's Gravitas          Tloc           8%         N/A       61%         3
 Lesser Beckoning         Tloc           8%         N/A       61%         3
 Teleport Other           Tloc           8%         N/A       61%         3
 Manifold Assault         Tloc           8%         N/A       100%        5

Inventory:

Hand Weapons
 c - the +6 shillelagh "Devastator" {shatter}
   (You found it on level 3 of the Dungeon)

   It releases a powerful concussive burst when it strikes, dealing extra damage
   to the target and all other foes adjacent to them.
 k - a +0 vampiric hand axe (weapon)
Armour
 b - a +0 chain mail
 i - a +0 ring mail (worn)
 j - a +0 buckler (worn)
Jewellery
 h - a +4 ring of protection (left hand)
Scrolls
 a - a scroll of silence {unknown}
 d - a scroll of teleportation {unknown}
 g - a scroll of identify
Potions
 e - a potion of curing
 l - a potion of resistance {unknown}
 m - a potion of brilliance {unknown}

Dungeon Overview and Level Annotations

Branches:
Dungeon (3/15)

Altars:
Kikubaaqudgha
Zin

Shops:
D:1 ![?[


Message History

The gnoll is moderately wounded.
The gnoll hits you but does no damage.
You slash the gnoll! Your kick misses the gnoll.
The gnoll is severely wounded.
The gnoll hits you with a +0 spear.
You closely miss the gnoll. Your kick misses the gnoll.
The gnoll is severely wounded.
The gnoll hits you but does no damage.
You hit the gnoll but do no damage.
The gnoll is severely wounded.
You barely miss the gnoll.
A rat comes into view.
The gnoll barely misses you.
The gnoll hits you from afar with a +0 spear.
The gnoll hits you from afar with a +0 halberd!
A goblin comes into view. It is wielding a +0 dagger.
The gnoll hits you but does no damage.
The goblin shouts!
You hit the gnoll but do no damage.
The gnoll is severely wounded.
You closely miss the gnoll. You block the gnoll's attack.
The gnoll hits you but does no damage. You block the gnoll's attack.
A rat comes into view.
You hit the gnoll.
You feel better.
You peck the gnoll, but do no damage.
The gnoll is almost dead.
You barely miss the gnoll. The gnoll hits you with a +0 whip.
The gnoll hits you from afar with a +0 spear.
The gnoll barely misses you. The gnoll closely misses you.
The gnoll hits you from afar with a +0 halberd.
The gnoll hits you from afar with a +0 spear.
The gnoll barely misses you. The endoplasm barely misses you.
You hit the gnoll.
You feel better.
You claw the gnoll.
You kill the gnoll!
You hit the endoplasm but do no damage. You hit the gnoll.
The gnoll hits you but does no damage. The endoplasm freezes you.
You are frozen.
You die...

..... #.. .. ######
..... #.# .# #.....
......#.#..# #.####
......#.#..# ......
....r.#.#..##.. #..###
#.......gg.r...
#.....Jg..g....
#.#@######.
##.#........
##...........
###########.....######.
#..............##
#.......#####..#
#.......# #..# ####
#.......## ##.#
###..### ######...%#
#.# ###......###


You could see 3 gnolls, an endoplasm, a goblin and 2 rats.

Vanquished Creatures
  4 gnolls (D:3)
  2 adders (D:3)
  2 worms
  3 dart slugs
  2 orcs (D:3)
  5 endoplasms
  2 giant cockroaches
  3 goblins
  3 hobgoblins
  2 kobolds
  A quokka (D:3)
  7 ball pythons
  A bat (D:2)
  3 frilled lizards
  11 rats
51 creatures vanquished.

Notes
Turn   | Place    | Note
-------+----------+-------------------------------------------
     0 | D:1      | qw the Tengu Warper began the quest for the Orb.
     0 | D:1      | Reached XP level 1. HP: 12/12 MP: 4/4
     0 | D:1      | 0 ||| qw: Version: 0.1-a-89-g26bdef1
     0 | D:1      | 0 ||| qw: Game counter: 3502
     0 | D:1      | 0 ||| qw: Always use a shield: true
     0 | D:1      | 0 ||| qw: God list: Okawaru
     0 | D:1      | 0 ||| qw: Allow faded altars: false
     0 | D:1      | 0 ||| qw: Do Orc after D:15 true
     0 | D:1      | 0 ||| qw: Do second Lair branch before Depths: true
     0 | D:1      | 0 ||| qw: Lair rune preference: random
     0 | D:1      | 0 ||| qw: Plans: Normal
     0 | D:1      | 0 ||| PLANNING D:1-11
   318 | D:1      | Reached skill level 3 in Axes
   318 | D:1      | Reached XP level 2. HP: 17/17 MP: 6/6
   415 | D:1      | Found Soipriv's Distillery.
   424 | D:1      | 424 ||| SHOPLISTING potion of curing (36 gold, have 32).
   424 | D:1      | 424 ||| SHOPLISTING potion of haste (120 gold, have 32).
   424 | D:1      | 424 ||| SHOPLISTING potion of resistance (120 gold, have
                  | 32).
   437 | D:1      | Found Osmapsem's Antique Armour Emporium.
   487 | D:1      | 487 ||| SHOPLISTING cloak (108 gold, have 32).
   487 | D:1      | 487 ||| SHOPLISTING plate armour (552 gold, have 32).
   487 | D:1      | 487 ||| SHOPLISTING ring mail (96 gold, have 32).
   487 | D:1      | 487 ||| SHOPLISTING runed chain mail (180 gold, have 32).
   487 | D:1      | 487 ||| SHOPLISTING scale mail (96 gold, have 32).
   487 | D:1      | 487 ||| SHOPLISTING shiny chain mail (180 gold, have 32).
   487 | D:1      | 487 ||| SHOPLISTING wizard robe (136 gold, have 32).
   581 | D:1      | 581 ||| Stepping ~*~*~tactically~*~*~ (stealth).
   745 | D:1      | Found Naoliare's Magic Scroll Emporium.
   752 | D:1      | 752 ||| SHOPLISTING scroll of enchant weapon (97 gold, have
                  | 37).
   752 | D:1      | 752 ||| BUYING scroll of identify (26 gold).
   752 | D:1      | Bought a scroll of identify for 26 gold pieces
   752 | D:1      | 752 ||| SHOPLISTING scroll of teleportation (39 gold, have
                  | 11).
   756 | D:1      | Found Povy's Antique Armour Emporium.
   816 | D:1      | 816 ||| SHOPLISTING dyed leather armour (105 gold, have
                  | 11).
   816 | D:1      | 816 ||| SHOPLISTING pair of crude gloves (199 gold, have
                  | 11).
   816 | D:1      | 816 ||| SHOPLISTING scale mail (84 gold, have 11).
   816 | D:1      | 816 ||| SHOPLISTING shiny chain mail (157 gold, have 11).
  1109 | D:1      | Found a faded altar of an unknown god.
  1151 | D:1      | 1151 ||| UPGRADING to +0 buckler.
  1156 | D:1      | 1156 ||| UPGRADING to +4 ring of protection.
  1157 | D:1      | 1157 ||| READING scroll labelled UGOSEO TICVYTT.
  1158 | D:1      | 1158 ||| DRINKING 2 glowing coppery potions.
  1159 | D:1      | 1159 ||| DROPPING scroll of blinking.
  1197 | D:2      | 1197 ||| Stepping ~*~*~tactically~*~*~ (hiding).
  1292 | D:2      | Reached skill level 1 in Shields
  1403 | D:2      | Reached XP level 3. HP: 21/21 MP: 7/7
  1424 | D:2      | Found an ancient bone altar of Kikubaaqudgha.
  1499 | D:2      | 1499 ||| SWAPPING to +0 vampiric hand axe.
  1500 | D:2      | 1500 ||| DROPPING +0 hand axe.
  1919 | D:2      | 1919 ||| UPGRADING to +0 ring mail.
  1929 | D:2      | 1929 ||| DROPPING +0 leather armour.
  1930 | D:2      | 1930 ||| READING scroll labelled JESTRA ZEME TOESH.
  1931 | D:2      | 1931 ||| READING scroll labelled KAESTR YCIBB.
  1932 | D:2      | 1932 ||| DRINKING 2 lumpy coppery potions.
  1933 | D:2      | 1933 ||| READING 2 scrolls of identify.
  1933 | D:2      | 1933 ||| IDENTIFYING golden potion
  1934 | D:2      | 1934 ||| DROPPING potion of attraction.
  2172 | D:3      | Reached skill level 4 in Axes
  2324 | D:3      | Reached XP level 4. HP: 26/26 MP: 8/8
  2385 | D:3      | HP: 5/26 [gnoll/+0 spear (2)]
  2386 | D:3      | 2386 ||| DRINKING potion of heal wounds.
  2492 | D:3      | Found the +6 shillelagh "Devastator" {shatter}
  2500 | D:3      | 2500 ||| Stepping ~*~*~tactically~*~*~ (stealth).
  2505 | D:3      | 2505 ||| DROPPING +0 whip.
  2515 | D:3      | Reached skill level 5 in Axes
  2526 | D:3      | Found a glowing silver altar of Zin.
  2548 | D:3      | 2548 ||| FLEEEEING.
  2562 | D:3      | 2562 ||| Stepping ~*~*~tactically~*~*~ (hiding).
  2577 | D:3      | 2577 ||| Stepping ~*~*~tactically~*~*~ (stealth).
  2709 | D:3      | HP: 5/26 [gnoll/+0 halberd (2)]
  2709 | D:3      | HP: 2/26 [gnoll/+0 spear (3)]
  2710 | D:3      | Frozen to death by an endoplasm

Levels and vault maps discovered:
D:1:      lordsloth_arrival_two_stooges, layout_basic, serial_shops,
          nicolae_shop_advertising_works [nicolae_subvault_shop_adworks],
          nicolae_shop_hallway_stairs, shop, shop,
          hellmonk_ecumenical_altar_leap_of_faith
D:2:      layout_loops_ring, basic_altar, minmay_fountain_box
D:3:      minmay_razor_zed, layout_loops_ring, grunt_gozag_statues,
          grunt_qazlal_sundering, marbit_many_paths, grunt_ministairs_13,
          minmay_goblin_kobold_house

Skill      XL: |  1  2  3  4 |
---------------+-------------+-----
Axes           | 3 4 5 |  5.1
Shields        | 1 |  1.0
Fighting       | |  2.0
Throwing       | |  1.0
Armour         | |  1.1
Dodging        | |  2.1
Spellcasting   | |  2.0
Translocations | |  2.4

Action                   |  1- 3 |  4- 6 || total
-------------------------+-------+-------++-------
Melee: Hand axe          |    88 |    52 ||   140
       Kick              |    17 |    15 ||    32
       Peck              |    12 |     9 ||    21
Throw: Boomerang         |     7 |       ||     7
  Use: Scroll            |     4 |       ||     4
       Potion            |     2 |     1 ||     3
Armor: Leather armour    |    14 |       ||    14
       Ring mail         |    15 |    20 ||    35
Dodge: Dodged            |    23 |    28 ||    51
Block: Buckler           |     6 |    10 ||    16

Table legend:
 A = Non-vault XP
 B = Vault XP
 C = Vault XP percentage of total XP
 D = Non-vault monster count
 E = Vault monster count
 F = Vault count percentage of total count
                 A         B        C        D         E       F
            +---------+---------+-------+---------+---------+-------
      Total |     139 |      25 |  15.2 |      42 |       9 |  17.6
            +---------+---------+-------+---------+---------+-------
        D:1 |      22 |       0 |   0.0 |      13 |       0 |   0.0
        D:2 |      28 |       0 |   0.0 |      14 |       0 |   0.0
        D:3 |      89 |      25 |  21.9 |      15 |       9 |  37.5
            +---------+---------+-------+---------+---------+-------
